 Dungeon Crawl Stone Soup version 0.19-a0-1185-gacb3972 (webtiles) character file.

7585 epen the Cleaver (level 10, -1/79 HPs)
             Began as a Minotaur Monk on Aug 18, 2016.
             Was the Champion of Hepliaklqana.
             Slain by a minotaur
             ... wielding a +1 long sword of holy wrath
              (17 damage)
             ... in a labyrinth.
             The game lasted 00:20:08 (10165 turns).

epen the Cleaver (Minotaur Monk)                   Turns: 10165, Time: 00:20:09

Health: -1/79      AC: 13    Str: 21    XL:     10   Next: 97%
Magic:  15/15      EV: 18    Int:  7    God:    Hepliaklqana [******]
Gold:   273        SH:  0    Dex: 19    Spells: 0 memorised, 9 levels left

rFire  . . .     SeeInvis .     M - +2 war axe (chop)
rCold  . . .     Gourm    .     L - +0 chain mail
rNeg   . . .     Faith    .     (no shield)
rPois  .         Spirit   .     (helmet restricted)
rElec  .         Dismiss  .     Q - +0 cloak
rCorr  .         Reflect  .     (no gloves)
MR     .....     Harm     .     (no boots)
Stlth  .......... Rnd*Tele +    C - amulet of regeneration
                                j - ring of loudness (curse)
                                r - ring of flight

@: mighty, agile
A: retaliatory headbutt, horns 2, teleportitis 1, weak 1
a: Recall Ancestor, Ancestor Identity, Transference, Idealise, Renounce
Religion, Evoke Flight


You were in a labyrinth.
You worshipped Hepliaklqana.
Hepliaklqana was exalted by your worship.
You were not hungry.

You visited 2 branches of the dungeon, and saw 12 of its levels.
You also visited: Labyrinth, Sewer and Ossuary.

You collected 556 gold pieces.
You spent 283 gold pieces at shops.

Inventory:

Hand Weapons
 a - a +0 hand axe
 u - a +0 battleaxe
 M - a +2 war axe of chopping (weapon)
Missiles
 l - a throwing net (quivered)
Armour
 b - a +0 robe
 o - a +1 ring mail
 L - a +0 chain mail (worn)
 Q - a +0 cloak (worn)
Jewellery
 j - a cursed ring of loudness (right hand)
 m - an uncursed amulet of faith
 r - a ring of flight (left hand)
 C - an amulet of regeneration (around neck)
 F - the ring "Utidykhu" {EV-4 Int+4}
   (You bought it in a shop on level 7 of the Dungeon)

   [ring of evasion]

   It affects your evasion (-4).
   It affects your intelligence (+4).
 N - a +4 ring of dexterity {unknown}
 O - the amulet "Pafuhu Eddy" {Inacc Fragile rPois MP+9 Int+5, unknown}
   (You found it on level 10 of the Dungeon)

   [amulet of inaccuracy]

   It reduces the accuracy of all your attacks.
   It affects your intelligence (+5).
   It protects you from poison.
   It affects your magic capacity (+9).
   It will be destroyed if unequipped.
 S - an uncursed ring of protection from fire {unknown}
Wands
 K - a wand of iceblast (0/15)
Scrolls
 e - a scroll of teleportation
 f - 12 scrolls of remove curse
 h - a scroll of enchant weapon {unknown}
 p - 3 scrolls of recharging
 v - 3 scrolls of fog
 x - 2 scrolls of identify
 y - a scroll of blinking
 J - a scroll of enchant armour
 P - a scroll of magic mapping
Potions
 d - 3 potions of might
 g - 8 potions of curing
 i - 2 potions of agility
 s - a potion of ambrosia
 w - a potion of lignification
 z - 2 potions of invisibility
 B - 5 potions of flight
 D - 2 potions of haste
 E - a potion of berserk rage {unknown}
 H - 2 potions of brilliance
 I - a potion of cancellation
Books
 A - a Necronomicon

   Spells                             Type                      Level
   a - Haunt                          Necromancy/Summoning         7
   b - Borgnjor's Revivification      Necromancy                   8
   c - Death's Door                   Charms/Necromancy            8
   d - Infestation                    Necromancy                   8
   e - Necromutation                  Transmutation/Necromancy     8
 G - a book of the Sky

   Spells                             Type                      Level
   a - Summon Lightning Spire         Summoning/Air                4
   b - Airstrike                      Air                          4
   c - Silence                        Hexes/Air                    5
   d - Deflect Missiles               Charms/Air                   6
   e - Conjure Ball Lightning         Conjuration/Air              6
   f - Tornado                        Air                          9
Comestibles
 c - 11 bread rations
 k - 8 slices of pizza
 n - 6 beef jerkies
 q - 3 meat rations
 t - 8 fruits


   Skills:
 + Level 8.0 Fighting
 * Level 10.8 Axes
 * Level 10.2 Armour
 + Level 7.3 Dodging
 - Level 1.5 Stealth
 * Level 8.2 Invocations


You had 9 spell levels left.
You didn't know any spells.

Dungeon Overview and Level Annotations

Branches:
Dungeon (10/15)            Temple (0/1) D:4            Lair (2/6) D:9
    Orc (0/2) D:10
  Swamp: Lair:2-4    Shoals: Lair:2-4     Snake: Lair:2-4    Spider: Lair:2-4

Altars:
Cheibriados
Dithmenos
Elyvilon
Fedhas
Gozag
Hepliaklqana
Makhleb
Nemelex Xobeh
Okawaru
Qazlal
Ru
Sif Muna
Xom
Zin
The Shining One

Shops:
D:7 =*=   D:9 (

Annotations:
Lair:1 Gastronok


Innate Abilities, Weirdness & Mutations

You reflexively headbutt those who attack you in melee.
You have a pair of horns on your head.
You are occasionally teleported next to monsters.
You are weak. (Str -2)


Message History

The minotaur gores you.
Your chain mail prevents you from hitting the minotaur.
The minotaur furiously retaliates!
The minotaur headbutts you!! The minotaur blocks your attack.
The minotaur is almost dead.
The minotaur hits you but does no damage.
The minotaur completely misses you.
You slash the minotaur! The minotaur blocks your attack.
The minotaur is almost dead.
You hit the minotaur but do no damage. The minotaur blocks your attack.
The minotaur is almost dead.
The minotaur hits you with a long sword of holy wrath!!
* * * LOW HITPOINT WARNING * * *
The minotaur gores you.
* * * LOW HITPOINT WARNING * * *
Unknown command.
The minotaur blocks your attack.
The minotaur is almost dead.
The minotaur hits you with a long sword of holy wrath!
You die...

# #
.#.#####
#8<8#...
..#.. #
#:.|#.
###.# # # #
#8.8#..
.#...# #
#:.:#.
#.#.#.
####.
#8.8#..#...
... . . #
#...# ###
## ## .#.
#..
#8H8#..# #.
# #..##@#
.## #.# ##
#....R....#
. .#.
###...###.#
.# # #....
.# #.#. .
#.###. # #
... .# # ..
. #### # ##
#


You could see the friendly Eplern the battlemage and a minotaur.

Vanquished Creatures
  A komodo dragon (Lair:1)
  A two-headed ogre (D:9)
  2 wraiths
  A basilisk (D:9)
  A human (D:7)
  A water moccasin (D:8)
  A porcupine (D:9)
  2 orc warriors
  An ice beast (D:6)
  2 phantoms
  The ghost of epen the Chopper, an amateur MiMo (D:3)
  A black bear (D:9)
  2 ogres
  2 sky beasts
  A big kobold (D:10)
  2 giant frogs
  5 killer bees (D:7)
  A crimson imp (D:6)
  5 hounds
  2 jellies
  2 orc priests
  5 orc wizards
  A centaur skeleton (D:10)
  2 iguanas
  3 worker ants (D:6)
  4 sheep
  A mummy (Ossuary)
  6 gnolls
  2 howler monkey skeletons (D:8)
  8 adders
  2 shadow imps
  3 oozes
  An adder zombie (D:7)
  An adder skeleton (D:7)
  2 worms
  5 dart slugs
  7 giant geckos
  27 orcs
  9 giant cockroaches
  3 goblins
  5 hobgoblins
  6 jackals
  20 kobolds
  6 quokkas
  2 ball pythons
  2 bats (D:1)
  A giant gecko skeleton (D:8)
  5 giant newts
  6 gnoll skeletons (Ossuary)
  7 kobold skeletons (Ossuary)
  12 orc skeletons (Ossuary)
  9 rats
210 creatures vanquished.

Vanquished Creatures (collateral kills)
  Erica (D:8)
  The ghost of Duffy the Slasher, a novice DsBe of Trog (D:5)
  A yak (D:10)
  Grum (D:9)
  2 porcupines (D:9)
  A water moccasin (D:10)
  3 orc warriors
  An ice beast (D:8)
  3 sky beasts (D:5)
  An ogre (D:9)
  A wasp (D:9)
  2 phantoms (D:9)
  2 wolves (D:9)
  2 crocodiles (D:9)
  2 big kobolds
  A wyvern zombie (D:6)
  A water moccasin skeleton (D:5)
  A wyvern skeleton (D:8)
  3 scorpions
  An electric eel (Lair:1)
  A crimson imp (D:9)
  A quasit (D:9)
  A hound (D:8)
  2 orc wizards
  A centaur skeleton (D:9)
  An iguana (D:4)
  3 worker ants
  6 sheep
  A hound zombie (D:7)
  A gnoll (D:8)
  4 adders
  3 river rats
  2 oozes
  3 giant geckos
  10 orcs
  2 giant cockroaches
  4 jackals
  6 kobolds
  A quokka (D:4)
  A bat (D:3)
85 creatures vanquished.

Vanquished Creatures (others)
  A battlemage (D:4)
  A fungus (D:9)
  A plant (D:9)
3 creatures vanquished.

Grand Total: 298 creatures vanquished

Notes
Turn   | Place    | Note
-------+----------+-------------------------------------------
     0 | D:1      | epen the Minotaur Monk began the quest for the Orb.
     0 | D:1      | Reached XP level 1. HP: 19/19 MP: 0/0
    50 | D:1      | Reached XP level 2. HP: 15/27 MP: 1/1
   401 | D:1      | Reached skill level 1 in Armour
   700 | D:2      | Reached XP level 3. HP: 20/33 MP: 2/2
  1172 | D:2      | Reached XP level 4. HP: 34/41 MP: 3/3
  1213 | D:2      | Found a hazy altar of Hepliaklqana.
  1214 | D:2      | Found a shimmering altar of Xom.
  1214 | D:2      | Noticed a yak
  1215 | D:2      | Noticed a yak
  1215 | D:2      | Noticed a spectral ugly thing
  1266 | D:2      | Became a worshipper of Hepliaklqana
  1266 | D:2      | Reached * piety under Hepliaklqana
  1266 | D:2      | Reached ** piety under Hepliaklqana
  1267 | D:2      | Remembered your ancestor Eplern as a battlemage
  1801 | D:3      | Reached skill level 5 in Axes
  1803 | D:3      | Noticed epen's ghost (amateur MiMo)
  1812 | D:3      | Killed epen's ghost
  1812 | D:3      | Reached skill level 1 in Invocations
  1812 | D:3      | Reached XP level 5. HP: 15/42 MP: 4/4
  2024 | D:3      | Found a deep blue altar of Sif Muna.
  2062 | D:3      | Found a white marble altar of Elyvilon.
  2418 | D:4      | Found an iron altar of Okawaru.
  2473 | D:4      | Reached XP level 6. HP: 41/49 MP: 6/6
  2551 | D:4      | Reached skill level 5 in Fighting
  2625 | D:4      | Found a glowing drain.
  2637 | Sewer    | Entered a sewer
  2637 | Sewer    | Reached *** piety under Hepliaklqana
  2710 | Sewer    | Reached XP level 7. HP: 52/54 MP: 6/8
  2743 | Sewer    | Found a white marble altar of Elyvilon.
  2968 | D:4      | Found a staircase to the Ecumenical Temple.
  3238 | D:5      | Entered Level 5 of the Dungeon
  3309 | D:5      | Found a sacrificial altar of Ru.
  3359 | D:5      | Reached **** piety under Hepliaklqana
  3362 | D:5      | Reached skill level 5 in Armour
  3372 | D:5      | Gained mutation: You are weak. (Str -2) [mutagenic meat]
  3375 | D:5      | Gained mutation: You expend magic power (3 MP) to strengthen your wands. [mutagenic meat]
  3705 | D:5      | Reached XP level 8. HP: 39/62 MP: 9/9
  3712 | D:5      | Reached skill level 5 in Dodging
  3968 | D:5      | Noticed Duffy's ghost (novice DsBe)
  3980 | D:5      | Killed Duffy's ghost
  4294 | D:5      | You fall through a shaft for 2 floors!
  4311 | D:7      | Reached skill level 5 in Invocations
  4329 | D:7      | Found Ziapniv's Assorted Antiques.
  4343 | D:7      | Bought a crude ivory ring for 120 gold pieces
  4343 | D:7      | Bought a scroll labeled RUPHEI FEAZXUHY for 24 gold pieces
  4343 | D:7      | Bought a scroll labeled KONUCA AB KYCK for 24 gold pieces
  4343 | D:7      | Identified the cursed ring "Utidykhu" {EV-4 Int+4} (You bought it in a shop on level 7 of the Dungeon)
  4416 | D:7      | Found a sand-covered staircase.
  4434 | Ossuary  | Entered an ossuary
  4594 | Ossuary  | Reached XP level 9. HP: 8/70 MP: 11/11
  4637 | Ossuary  | Lost mutation: You expend magic power (3 MP) to strengthen your wands. [potion of mutation]
  4637 | Ossuary  | Gained mutation: You are occasionally teleported next to monsters. [potion of mutation]
  4914 | D:6      | Reached ***** piety under Hepliaklqana
  5724 | D:7      | Found a stormy altar of Qazlal.
  5725 | D:7      | Found a white marble altar of Elyvilon.
  5741 | D:7      | Found a blossoming altar of Fedhas.
  5742 | D:7      | Found a snail-covered altar of Cheibriados.
  5743 | D:7      | Found an opulent altar of Gozag.
  5745 | D:7      | Found a glowing golden altar of the Shining One.
  5745 | D:7      | Found a glowing silver altar of Zin.
  5746 | D:7      | Found a burning altar of Makhleb.
  5840 | D:7      | Found a sparkling altar of Nemelex Xobeh.
  5876 | D:7      | Found Vuqacrut's Jewellery Shop.
  6020 | D:7      | Found Enylowk's Jewellery Shop.
  6062 | D:8      | Noticed Erica
  6077 | D:8      | Killed Erica
  6077 | D:8      | Reached XP level 10. HP: 42/77 MP: 12/14
  6345 | D:8      | Found a shadowy altar of Dithmenos.
  6609 | D:8      | Found a blossoming altar of Fedhas.
  7388 | D:9      | Reached skill level 10 in Axes
  7512 | D:9      | Found a staircase to the Lair.
  7598 | D:9      | Noticed Grum
  7612 | D:9      | Killed Grum
  7862 | D:9      | Found Dieguv's Antique Weapon Shoppe.
  7865 | D:9      | Bought a glowing war axe for 115 gold pieces
  8086 | D:10     | Entered Level 10 of the Dungeon
  8208 | D:10     | Reached skill level 10 in Armour
  8237 | D:10     | Found a staircase to the Orcish Mines.
  8373 | D:10     | Got a coiled crystal amulet
  8822 | Lair:1   | Entered Level 1 of the Lair of Beasts
  8932 | Lair:1   | Noticed Gastronok
  8941 | Lair:1   | You fall through a shaft!
  8941 | Lair:2   | Found a labyrinth entrance.
  8949 | Lab      | Entered a labyrinth
  8999 | Lab      | Reached ****** piety under Hepliaklqana
 10150 | Lab      | Noticed a minotaur
 10165 | Lab      | Slain by a minotaur

Vault maps used:
D:1:      lordsloth_arrival_two_stooges, minivault_24, minmay_ruptured
D:2:      regret_index_temple_of_mockery
D:3:      lemuel_blue_sif_altar, elyvilon_altar_1
D:4:      gup_sewer_entry_pipe, okawaru_ov_weapons_minmay
D:5:      old_standard_altar, first_bread
D:7:      grunt_qazlal_sundering, grunt_temple_overflow_open, enter_ossuary_1,
          serial_shops, nicolae_shop_trees, nicolae_shop_stone,
          nicolae_shop_behind_doors, grunt_livestock,
          nemelex_xobeh_ov_fountains_minmay
D:8:      basic_altar, nicolae_dithmenos_shadow_blocks, uniq_erica
D:9:      minmay_lair_entry_grove, serial_shops, kennysheep_mini, uniq_grum
D:10:     orc_0_dummy
Lair:1:   nicolae_quartered_pool_medium, lemuel_oklob_altar,
          serial_bayou_shore_b, uniq_sonja, uniq_gastronok
Lair:2:   swamp_mist, lab_entry_generic, beast_lair_carwin_9,
          infiniplex_staircase_pool, grunt_megastairs_3
Lab:      nicolae_lab_dead_adventurers, labyrinth_skeletal_remains,
          nicolae_lab_t_cross, nicolae_lab_do_over
Sewer:    sewer_kobolds
Ossuary:  ossuary_due_mausoleum

Skill      XL: |  1  2  3  4  5  6  7  8  9 10 |
---------------+-------------------------------+-----
Fighting       | 4 5 6 7 8 |  8.0
Axes           | 4 5 6 8 9 10 | 10.8
Armour         | 1 3 4 5 6 8 10 | 10.2
Invocations    | 1 2 3 5 6 8 |  8.2
Dodging        | 4 5 6 7 |  7.3
Stealth        | |  1.5

Action                   |  1- 3 |  4- 6 |  7- 9 | 10-12 || total
-------------------------+-------+-------+-------+-------++-------
Melee: Hand axe          |    82 |   101 |   294 |       ||   477
       Headbutt          |    11 |    18 |    76 |    30 ||   135
       Battleaxe         |       |       |    23 |   107 ||   130
       War axe           |       |       |       |    72 ||    72
Invok: Ancestor Life: Ba |       |     1 |       |       ||     1
       Ancestor Identity |       |     1 |       |       ||     1
       Recall Ancestor   |       |       |     2 |     2 ||     4
       Idealise          |       |       |       |     1 ||     1
Evoke: Wand              |       |       |       |     1 ||     1
  Use: Potion            |     1 |       |     2 |     2 ||     5
       Scroll            |       |       |    21 |     2 ||    23
 Stab: Sleeping          |     2 |     2 |     1 |       ||     5
       Distracted        |       |       |     2 |     4 ||     6
  Eat: Chunk             |     1 |     5 |     6 |     6 ||    18
       Pizza             |       |       |     2 |       ||     2
       Meat ration       |       |       |     1 |     2 ||     3
Armor: Robe              |     9 |       |       |       ||     9
       Ring mail         |       |    29 |   100 |    18 ||   147
       Chain mail        |       |       |       |    53 ||    53
Dodge: Dodged            |    50 |    64 |   196 |   125 ||   435
